[Event "Titled Tuesday Blitz July 20 2021"]
[White "Gadimbayli, Abdulla"]
[Black "Shevelev, Dmitri"]
[WhiteFideId "13404938"]
[BlackFideId "2802627"]
[WhiteElo "2320"]
[BlackElo "2262"]
[Result "1-0"]
[Round "04"]
[TimeControl "180+1"]
[Date "2021.07.21"]
[WhiteClock "0:01:24"]
[BlackClock "0:00:06"]

1. e4 g6 2. d4 Bg7 3. Nc3 c6 4. Nf3 d5 5. h3 dxe4 6. Nxe4 Nf6 7. Nxf6+ exf6 8. Bd3 O-O 9. O-O Be6 10. b3 Nd7 11. Bb2 Re8 12. c4 Nb6 13. Qc2 Qd7 14. Rad1 Rad8 15. Rfe1 Nc8 16. Nd2 Nd6 17. Ne4 Nxe4 18. Bxe4 f5 19. Bf3 f4 20. Bc3 Bf5 21. Qd2 g5 22. d5 Bxh3 23. Bxg7 Kxg7 24. gxh3 Qxh3 25. Bg2 Qh5 26. Qd4+ f6 27. f3 cxd5 28. cxd5 Qh4 29. Rxe8 Rxe8 30. Qf2 Qh6 31. d6 Qg6 32. d7 Rd8 33. Qc5 Qf7 34. Bh3 h5 35. Bf5 b6 36. Qd6 g4 37. Re1 gxf3 38. Re7 Rxd7 39. Qxd7 Kh6 40. Rxf7 Kg5 41. Qe6 Kh4 42. Qxf6+ Kg3 43. Qg5# 1-0


[Site "https://www.chess.com"]

[Event "Titled Tuesday Blitz July 20 2021"]
[White "Garcia, Gabriel Gonzaga"]
[Black "Bakalchuk, Johnatan"]
[WhiteFideId "2138956"]
[BlackFideId "2810301"]
[WhiteElo "2240"]
[BlackElo "2507"]
[Result "0-1"]
[Round "04"]
[TimeControl "180+1"]
[Date "2021.07.21"]
[WhiteClock "0:01:04"]
[BlackClock "0:00:32"]

1. e4 c6 2. Nf3 g6 3. Nc3 Bg7 4. d4 d5 5. Bd3 dxe4 6. Nxe4 Nf6 7. O-O O-O 8. h3 Nxe4 9. Bxe4 Nd7 10. Re1 Nf6 11. Bd3 Nd5 12. c3 Qc7 13. Ne5 Be6 14. Bg5 f6 15. Nf3 Bxh3 16. gxh3 fxg5 17. Nxg5 Qf4 18. Ne4 Nf6 19. Qd2 Qh4 20. Qg5 Qxh3 21. Re3 Nxe4 22. Bxe4 Qd7 23. Rae1 Bf6 24. Qg2 Kg7 25. Rg3 Rg8 26. Ree3 Raf8 27. d5 Bh4 28. dxc6 Qd1+ 29. Kh2 Bxg3+ 30. Rxg3 Qh5+ 31. Rh3 Qe5+ 32. Kg1 bxc6 33. Bxc6 Rf5 34. Re3 Qf6 35. Bd5 Rf8 36. Re6 Rxf2 0-1


[Site "https://www.chess.com"]

[Event "Titled Tuesday Blitz July 20 2021"]
[White "Gavilan Diaz, Mario"]
[Black "Manzone, Alessandro"]
[WhiteFideId "2260905"]
[BlackFideId "112488"]
[WhiteElo "2262"]
[BlackElo "2327"]
[Result "0-1"]
[Round "04"]
[TimeControl "180+1"]
[Date "2021.07.21"]
[WhiteClock "0:00:01"]
[BlackClock "0:00:08"]

1. d4 Nf6 2. c4 e6 3. Nf3 Bb4+ 4. Nbd2 d5 5. a3 Be7 6. e3 O-O 7. Bd3 Nbd7 8. b4 a5 9. b5 c5 10. bxc6 bxc6 11. O-O c5 12. cxd5 Nxd5 13. Qc2 h6 14. Ne4 Ba6 15. Bxa6 Rxa6 16. Bd2 Qc7 17. Rfc1 Rc8 18. Qd3 Rc6 19. Qb5 Ra8 20. h3 f5 21. Nxc5 Nxc5 22. dxc5 Rxc5 23. Rxc5 Qxc5 24. Qd3 a4 25. Nd4 Kf7 26. Rc1 Qxa3 27. Qb5 Rd8 28. Rc6 Rd6 29. Rc8 Rd8 30. Rxd8 Bxd8 31. Nxf5 Qa1+ 32. Kh2 Qe5+ 33. Ng3 a3 34. Qa4 Be7 35. e4 Nf6 36. f4 Qb2 37. Be3 a2 38. Bd4 Qb4 39. Qxb4 Bxb4 40. Kg1 Ke7 41. Kf2 Kd7 42. Ke3 Bc5 43. Kd3 Bxd4 44. Kxd4 a1=Q+ 0-1


[Site "https://www.chess.com"]

[Event "Titled Tuesday Blitz July 20 2021"]
[White "Grabinsky, Aaron"]
[Black "Rozhkov, Viacheslav"]
[WhiteFideId "2087090"]
[BlackFideId "4181484"]
[WhiteElo "2353"]
[BlackElo "2324"]
[Result "1-0"]
[Round "04"]
[TimeControl "180+1"]
[Date "2021.07.20"]
[WhiteClock "0:00:21"]
[BlackClock "0:00:02"]

1. b3 d5 2. Bb2 e6 3. Nf3 Nf6 4. e3 Be7 5. c4 O-O 6. Be2 Ne4 7. cxd5 exd5 8. O-O Bf6 9. Qc2 Bxb2 10. Qxb2 Qf6 11. Qxf6 Nxf6 12. d3 c6 13. Nc3 Bf5 14. b4 Nbd7 15. a4 a6 16. Ra3 a5 17. Rb1 axb4 18. Rxb4 Ra7 19. d4 Rfa8 20. Rab3 b6 21. h3 Bc2 22. Ra3 c5 23. dxc5 bxc5 24. Rb2 Be4 25. Rd2 Nb6 26. Bb5 Bxf3 27. gxf3 g6 28. Ra1 Kg7 29. Rc1 Rd8 30. Ne2 c4 31. Nc3 Rd6 32. Rcd1 Ra5 33. e4 Nfd7 34. exd5 Ne5 35. Kg2 Nd3 36. Kg3 Nxd5 37. Ne4 Rb6 38. Bxc4 N5f4 39. Bxd3 Nxd3 40. Rxd3 Rxa4 41. Rd7 h5 42. Rc7 h4+ 43. Kxh4 Rb3 44. Kg4 Kh6 45. Rxf7 g5 46. Rd6# 1-0


[Site "https://www.chess.com"]

[Event "Titled Tuesday Blitz July 20 2021"]
[White "Gracia Alvarez, Gerardo Antonio"]
[Black "Leitao, Rafael"]
[WhiteFideId "5109124"]
[BlackFideId "2101246"]
[WhiteElo "2148"]
[BlackElo "2609"]
[Result "1/2-1/2"]
[Round "04"]
[TimeControl "180+1"]
[Date "2021.07.21"]
[WhiteClock "0:00:03"]
[BlackClock "0:00:14"]

1. d4 Nf6 2. Bf4 g6 3. e3 Bg7 4. Nf3 c5 5. c3 O-O 6. Be2 d6 7. h3 b6 8. Nbd2 Bb7 9. O-O Nc6 10. Bh2 cxd4 11. exd4 Bh6 12. Re1 Nd5 13. Bf1 Nf4 14. Nc4 Rc8 15. Ne3 f5 16. Bc4+ Kh8 17. Nd5 Na5 18. Bxf4 Nxc4 19. Bxh6 Bxd5 20. Bxf8 Qxf8 21. Qe2 Rc7 22. b3 Na5 23. c4 Ba8 24. d5 e5 25. dxe6 Nc6 26. Qb2+ Kg8 27. Nd4 Ne5 28. Rad1 f4 29. Nb5 Qf6 30. Rxe5 dxe5 31. Nxc7 Bxg2 32. Kxg2 f3+ 33. Kh1 Qf5 34. Rd8+ Kg7 35. Rd7+ Kg8 36. Rd8+ Kg7 37. Rd7+ Kg8 38. Rd8+ 1/2-1/2


[Site "https://www.chess.com"]

[Event "Titled Tuesday Blitz July 20 2021"]
[White "GrafLermontov"]
[Black "Lopez Del Alamo, Antonio"]
[BlackFideId "2227339"]
[WhiteElo "2548"]
[BlackElo "2085"]
[Result "1-0"]
[Round "04"]
[TimeControl "180+1"]
[Date "2021.07.21"]
[WhiteClock "0:00:36"]
[BlackClock "0:00:15"]

1. d4 Nf6 2. c4 g6 3. Nc3 Bg7 4. e4 d6 5. Be2 O-O 6. Be3 Na6 7. g4 e5 8. d5 Nc5 9. Bf3 a5 10. h4 c6 11. g5 Ne8 12. dxc6 Nc7 13. cxb7 Bxb7 14. Nd5 Nxd5 15. cxd5 Qb6 16. Qd2 Ba6 17. Be2 Bxe2 18. Nxe2 Rab8 19. Bxc5 Qxc5 20. Rc1 Qb5 21. b3 f5 22. gxf6 Rxf6 23. Nc3 Qb4 24. Qd3 Rbf8 25. Rc2 Rf3 26. Qc4 Qb6 27. Rf1 Qd8 28. h5 Bh6 29. hxg6 hxg6 30. Nd1 Qh4 31. Re2 R8f7 32. Qc8+ Kg7 33. Qe6 Qd8 34. Rg1 g5 35. Rh1 a4 36. Qxh6+ Kg8 37. Qh8# 1-0


[Site "https://www.chess.com"]

[Event "Titled Tuesday Blitz July 20 2021"]
[White "Grochal, Joey"]
[Black "Tsaruk, Maksim"]
[WhiteFideId "1019945"]
[BlackFideId "13511173"]
[WhiteElo "2265"]
[BlackElo "2184"]
[Result "0-1"]
[Round "04"]
[TimeControl "180+1"]
[Date "2021.07.21"]
[WhiteClock "0:00:01"]
[BlackClock "0:00:02"]

1. d4 Nf6 2. c4 e6 3. Nf3 d5 4. Nc3 c5 5. cxd5 Nxd5 6. e4 Nxc3 7. bxc3 cxd4 8. cxd4 Bb4+ 9. Bd2 Bxd2+ 10. Qxd2 O-O 11. Bd3 b6 12. O-O Bb7 13. Rfe1 Nd7 14. Qf4 Rc8 15. Rad1 Qf6 16. Qg3 Qg6 17. Qd6 Rfd8 18. Qe7 Qf6 19. Qa3 a6 20. Qb3 Qe7 21. h3 b5 22. a4 b4 23. a5 Rc3 24. Qb2 Nb8 25. d5 Qc5 26. Re3 exd5 27. exd5 Bxd5 28. Rde1 Qf8 29. Ng5 g6 30. Be4 Rxe3 31. Rxe3 Nc6 32. Bxd5 Rxd5 33. Ne4 Rd1+ 34. Kh2 Qb8+ 35. g3 Rd4 36. f3 Qb5 37. h4 Qd5 38. Kh3 Qd7+ 39. g4 Qb7 40. Nf6+ Kg7 41. Ne8+ Kf8 42. Nf6 Qc7 43. Nxh7+ Kg7 44. Ng5 Qf4 45. Re4 Qf6 46. Rxd4 Qxd4 47. Qc2 Qc3 0-1


[Site "https://www.chess.com"]

[Event "Titled Tuesday Blitz July 20 2021"]
[White "Gurvich, Vitaly"]
[Black "Shtyka, Sergey"]
[WhiteFideId "24164852"]
[BlackFideId "4138465"]
[WhiteElo "2252"]
[BlackElo "2064"]
[Result "0-1"]
[Round "04"]
[TimeControl "180+1"]
[Date "2021.07.21"]
[WhiteClock "0:01:51"]
[BlackClock "0:00:43"]

1. e4 c5 2. Nf3 Nc6 3. Bb5 g6 4. Bxc6 dxc6 5. d3 Bg7 6. a4 e5 7. a5 Nf6 8. Be3 Qe7 9. Qd2 O-O 10. Bh6 Bg4 11. Bxg7 Kxg7 12. Qe3 Bxf3 13. Qxf3 c4 14. O-O cxd3 15. cxd3 Rfd8 16. Nc3 Rd6 17. Na4 Rd4 18. Ra3 Rad8 19. g3 Qb4 20. Rc1 Qxa5 21. Kg2 Rxa4 22. Rb3 Rb4 23. Ra3 Qb6 24. Rca1 a6 25. Ra5 Rxb2 26. Rxe5 Rxf2+ 27. Qxf2 Qxf2+ 28. Kxf2 Ng4+ 29. Ke2 Nxe5 0-1


[Site "https://www.chess.com"]

[Event "Titled Tuesday Blitz July 20 2021"]
[White "Gusarov, Grigory"]
[Black "Saravana, Krishnan P."]
[WhiteFideId "24102172"]
[BlackFideId "5018382"]
[WhiteElo "2269"]
[BlackElo "2245"]
[Result "0-1"]
[Round "04"]
[TimeControl "180+1"]
[Date "2021.07.21"]
[WhiteClock "0:01:44"]
[BlackClock "0:00:55"]

1. e4 c6 2. d4 d5 3. Nc3 dxe4 4. Nxe4 Nf6 5. Nxf6+ exf6 6. h3 Bf5 7. Nf3 Bd6 8. Bd3 Bxd3 9. Qxd3 O-O 10. Be3 Na6 11. c3 Nc7 12. O-O Qd7 13. Rae1 Rfe8 14. Bc1 Rad8 15. Rxe8+ Rxe8 16. Re1 Rxe1+ 17. Nxe1 Qe6 18. Qe3 Qxa2 19. Nd3 Qe6 20. g3 Qxh3 21. c4 Qe6 22. c5 Qxe3 23. Bxe3 Be7 24. Kg2 g6 25. f4 Nd5 26. Bf2 f5 27. Ne5 Kf8 28. Nc4 Bd8 29. Nd6 b5 30. cxb6 axb6 31. Nc4 Ke7 32. Ne5 Nb4 33. Be1 c5 34. Bxb4 cxb4 35. Nc6+ Kd7 36. Nxb4 Bf6 37. Nc2 Kd6 38. Kf3 h5 39. Ke3 h4 40. gxh4 Bxh4 41. Nb4 Bf6 42. b3 Be7 43. Kd3 Bh4 44. Ke3 Be1 45. Nd3 Bc3 46. Ne5 Kd5 47. Nxf7 Bxd4+ 48. Kd3 Bf6 49. Ke3 Ke6 50. Nh6 Bg7 0-1


[Site "https://www.chess.com"]

[Event "Titled Tuesday Blitz July 20 2021"]
[White "Har-Zvi, Ronen"]
[Black "Rorrer, Grayson"]
[WhiteFideId "2801485"]
[BlackFideId "30944996"]
[WhiteElo "2523"]
[BlackElo "2122"]
[Result "1-0"]
[Round "04"]
[TimeControl "180+1"]
[Date "2021.07.20"]
[WhiteClock "0:02:37"]
[BlackClock "0:02:15"]

1. Nf3 Nf6 2. c4 e6 3. d4 Bb4+ 4. Bd2 a5 5. g3 d6 6. Bg2 Nbd7 7. O-O e5 8. Nc3 O-O 9. a3 e4 10. axb4 exf3 11. Bxf3 c6 12. b5 Qc7 13. b4 c5 14. dxc5 dxc5 15. Bf4 Qd8 16. bxc5 1-0


[Site "https://www.chess.com"]

[Event "Titled Tuesday Blitz July 20 2021"]
[White "Hebden, Mark L"]
[Black "Kukhmazov, Arsen"]
[WhiteFideId "400084"]
[BlackFideId "24108260"]
[WhiteElo "2457"]
[BlackElo "2453"]
[Result "1-0"]
[Round "04"]
[TimeControl "180+1"]
[Date "2021.07.20"]
[WhiteClock "0:00:44"]
[BlackClock "0:00:49"]

1. d4 d5 2. Nf3 Nf6 3. c4 c6 4. e3 Bg4 5. cxd5 cxd5 6. Qb3 Qc7 7. Bd2 Nc6 8. Nc3 e6 9. Rc1 Bxf3 10. gxf3 Be7 11. f4 O-O 12. h4 h5 13. Be2 g6 14. f3 Rfd8 15. Kf2 Rac8 16. Na4 Nd7 17. Kg2 Bf6 18. Bb5 Ndb8 19. Nc5 Qb6 20. Bd3 Qxb3 21. Nxb3 b6 22. a3 a6 23. Kg3 Kf8 24. Rc2 Ke8 25. Rhc1 Kd7 26. Be1 Ne7 27. e4 Rxc2 28. Rxc2 Nec6 29. Bf2 Rg8 30. Kh3 Rc8 31. exd5 exd5 32. f5 g5 33. hxg5 Bxg5 34. f6 Ke6 35. Bh4 Kxf6 36. Rg2 Bxh4 37. Kxh4 Ne7 38. Rg5 Ng6+ 39. Bxg6 fxg6 40. Rxd5 Rc6 41. Rd8 1-0


[Site "https://www.chess.com"]

[Event "Titled Tuesday Blitz July 20 2021"]
[White "Horobetz, Graham"]
[Black "Kilpatrick, Callum"]
[WhiteFideId "2047322"]
[BlackFideId "414425"]
[WhiteElo "2643"]
[BlackElo "2465"]
[Result "0-1"]
[Round "04"]
[TimeControl "180+1"]
[Date "2021.07.21"]
[WhiteClock "0:00:03"]
[BlackClock "0:00:11"]

1. e4 e5 2. Nf3 Nc6 3. Bb5 Nf6 4. O-O Nxe4 5. Re1 Nd6 6. Nxe5 Be7 7. Bf1 Nxe5 8. Rxe5 O-O 9. d4 Bf6 10. Re1 Nf5 11. d5 d6 12. Nd2 Bg5 13. Ne4 Bxc1 14. Rxc1 Bd7 15. c3 Re8 16. Qf3 h6 17. g3 Re5 18. Nd2 Qe7 19. Re4 Re8 20. Rce1 Qf6 21. g4 Nh4 22. Qxf6 gxf6 23. h3 Nf3+ 24. Nxf3 Rxe4 25. Rd1 f5 26. Bd3 Rf4 27. Nh2 fxg4 28. hxg4 Bxg4 29. Rd2 Bh3 30. f3 Bf5 31. Bf1 h5 32. Kf2 Bg6 33. Kg3 Rf5 34. f4 Re4 35. Rf2 Rxd5 36. Bg2 Re3+ 37. Kh4 Rb5 38. Bh3 Bf5 39. Bf1 Rd5 40. Nf3 Rd1 41. Nd4 Bg4 42. f5 Ree1 43. Bg2 Rg1 44. Bxb7 Rdf1 45. Rd2 Bxf5 46. Bd5 Rg4+ 47. Kh3 Rxd4+ 0-1


[Site "https://www.chess.com"]

[Event "Titled Tuesday Blitz July 20 2021"]
[White "Huynh, Ngoc Thuy Linh"]
[Black "Moroni, Luca Jr"]
[WhiteFideId "12403334"]
[BlackFideId "865834"]
[WhiteElo "1780"]
[BlackElo "2491"]
[Result "0-1"]
[Round "04"]
[TimeControl "180+1"]
[Date "2021.07.20"]
[WhiteClock "0:00:44"]
[BlackClock "0:01:45"]

1. c4 g6 2. g3 Bg7 3. Bg2 d6 4. Nc3 Nc6 5. Nf3 Bd7 6. d4 Qc8 7. h4 Nf6 8. d5 Na5 9. Nd2 c5 10. a3 a6 11. Rb1 b5 12. e4 Ng4 13. O-O bxc4 14. Qe2 Rb8 15. f3 Bd4+ 16. Kh1 Ne3 17. Re1 O-O 18. Ra1 Nc2 19. Nxc4 0-1


[Site "https://www.chess.com"]

[Event "Titled Tuesday Blitz July 20 2021"]
[White "Ivanov, Mike"]
[Black "Noritsyn, Nikolay"]
[WhiteFideId "2613158"]
[BlackFideId "2604922"]
[WhiteElo "2197"]
[BlackElo "2527"]
[Result "0-1"]
[Round "04"]
[TimeControl "180+1"]
[Date "2021.07.21"]
[WhiteClock "0:00:01"]
[BlackClock "0:00:03"]

1. e4 c5 2. Nf3 e6 3. c3 Nf6 4. Bd3 Nc6 5. Bc2 g5 6. h3 Rg8 7. e5 Nd5 8. Bxh7 Rg7 9. Be4 Nf4 10. g3 d5 11. exd6 Nd5 12. d4 Qxd6 13. Bxg5 cxd4 14. Bh6 Nf6 15. Bxg7 Bxg7 16. Bc2 e5 17. cxd4 e4 18. Ne5 Nxd4 19. Ba4+ Kf8 20. Nc4 Qc5 21. Nbd2 b5 22. b4 Qg5 23. h4 Qh6 24. Bxb5 Nxb5 25. Qe2 Be6 26. Qe3 Rd8 27. Qxh6 Bxh6 28. O-O-O Nd4 29. Kb2 Nc6 0-1


[Site "https://www.chess.com"]

[Event "Titled Tuesday Blitz July 20 2021"]
[White "Janaszak, Dawid"]
[Black "Preotu, Razvan"]
[WhiteFideId "1119206"]
[BlackFideId "2613280"]
[WhiteElo "2332"]
[BlackElo "2407"]
[Result "0-1"]
[Round "04"]
[TimeControl "180+1"]
[Date "2021.07.21"]
[WhiteClock "0:00:02"]
[BlackClock "0:00:13"]

1. e4 c5 2. Nc3 d6 3. f4 Nc6 4. Nf3 g6 5. d4 cxd4 6. Nxd4 Bg7 7. Nb3 Nf6 8. Be2 Qb6 9. Bf3 Be6 10. Qe2 Bxb3 11. axb3 Nd4 12. Qf2 Nxf3+ 13. Qxf3 O-O 14. Be3 Qc6 15. O-O a5 16. Rfe1 b5 17. Bd4 Rfc8 18. Re2 b4 19. Bxf6 Bxf6 20. Nd5 Bd4+ 21. Kh1 Qb7 22. e5 Kf8 23. exd6 exd6 24. Re7 Qc6 25. f5 g5 26. f6 Qxc2 27. Rae1 Be5 28. Qh3 Qg6 29. Qd7 Bxf6 30. Qxd6 Bxe7 31. Qxe7+ Kg7 32. Qe5+ f6 33. Qe7+ Qf7 34. Qd6 Rd8 35. Qc6 Qxd5 36. Re7+ Kg6 37. Qc2+ Qd3 0-1


[Site "https://www.chess.com"]

[Event "Titled Tuesday Blitz July 20 2021"]
[White "Jarovinsky, Alexey"]
[Black "Novikov, Evgenij"]
[WhiteFideId "14115131"]
[BlackFideId "4125380"]
[WhiteElo "2446"]
[BlackElo "2242"]
[Result "1-0"]
[Round "04"]
[TimeControl "180+1"]
[Date "2021.07.20"]
[WhiteClock "0:00:02"]
[BlackClock "0:00:12"]

1. Nc3 d5 2. e4 c6 3. g3 g6 4. Bg2 e6 5. d4 Bg7 6. Nf3 Ne7 7. h4 dxe4 8. Nxe4 Nf5 9. Bg5 f6 10. Bf4 O-O 11. Qd2 h5 12. O-O-O Nd7 13. Rhe1 Re8 14. c4 Nf8 15. c5 b6 16. Nd6 Nxd6 17. cxd6 c5 18. dxc5 bxc5 19. Ne5 fxe5 20. Bg5 Qb6 21. Bxa8 e4 22. Bxe4 Bd7 23. Re3 c4 24. Rc3 Rb8 25. Be3 Qa5 26. Bd4 e5 27. Be3 Ne6 28. Bd5 Kh7 29. Bxc4 Nd4 30. Ra3 Qc5 31. Rc3 Qa5 32. Kb1 Bf5+ 33. Bd3 Be6 34. a3 Nb5 35. Bxb5 Qxb5 36. d7 e4 37. Bd4 Bxd4 38. Rc8 Qxb2+ 39. Qxb2 Rxb2+ 40. Kc1 Bb3 41. d8=Q 1-0


[Site "https://www.chess.com"]

[Event "Titled Tuesday Blitz July 20 2021"]
[White "Jobava, Baadur"]
[Black "Aldokhin, Ivan"]
[WhiteFideId "13601520"]
[BlackFideId "24115720"]
[WhiteElo "2748"]
[BlackElo "2306"]
[Result "0-1"]
[Round "04"]
[TimeControl "180+1"]
[Date "2021.07.21"]
[WhiteClock "0:02:07"]
[BlackClock "0:00:10"]

1. e4 c5 2. c3 d5 3. exd5 Qxd5 4. d4 cxd4 5. cxd4 Nf6 6. Nc3 Qd6 7. Bd3 e6 8. Nf3 Be7 9. O-O O-O 10. Re1 Nc6 11. a3 Rd8 12. Be3 a6 13. Rc1 h6 14. h3 b5 15. Ne4 Nxe4 16. Bxe4 Bb7 17. Ne5 Nxe5 18. Bxb7 Rab8 19. dxe5 Qxd1 20. Rexd1 Rxd1+ 21. Rxd1 Rxb7 22. Rc1 a5 23. Rc8+ Kh7 24. Kf1 Kg6 25. g4 a4 26. Bc5 Bxc5 27. Rxc5 b4 28. Rc4 bxa3 29. bxa3 Rb3 30. Rxa4 Rxh3 31. Ke2 Kg5 32. f3 f5 33. exf6 gxf6 34. Ke3 Rh1 35. Ra5+ f5 36. a4 Re1+ 37. Kf2 Ra1 38. Kg3 Ra3 39. gxf5 exf5 40. Ra8 f4+ 41. Kg2 h5 42. a5 Kh4 43. a6 Ra2+ 44. Kf1 Kg3 45. Ke1 Kxf3 46. a7 h4 47. Kd1 h3 48. Kc1 h2 49. Kb1 Rxa7 0-1


[Site "https://www.chess.com"]

[Event "Titled Tuesday Blitz July 20 2021"]
[White "Jovic, Stanoje"]
[Black "Vdovin, Vadim"]
[WhiteFideId "905020"]
[BlackFideId "24107158"]
[WhiteElo "2286"]
[BlackElo "2406"]
[Result "1-0"]
[Round "04"]
[TimeControl "180+1"]
[Date "2021.07.21"]
[WhiteClock "0:00:52"]
[BlackClock "0:00:03"]

1. c4 e6 2. g3 Nf6 3. Bg2 d5 4. Nf3 Be7 5. O-O O-O 6. d4 dxc4 7. Ne5 Nc6 8. Bxc6 bxc6 9. Nxc6 Qe8 10. Nxe7+ Qxe7 11. Na3 Rd8 12. Nxc4 c5 13. b3 Rxd4 14. Qc2 Bb7 15. Bb2 Rd5 16. e4 Rh5 17. f3 Rg5 18. Rad1 h5 19. Qd2 Rg6 20. Qd6 Qe8 21. Qxc5 Ba6 22. Nd6 Qe7 23. Rf2 h4 24. g4 h3 25. Qe5 Rd8 26. Rfd2 Qc7 27. Nxf7 Rxd2 28. Qxc7 Rxd1+ 29. Kf2 Rd2+ 30. Ke3 Rxb2 31. Ne5 1-0


[Site "https://www.chess.com"]

[Event "Titled Tuesday Blitz July 20 2021"]
[White "Karthikeyan, Murali"]
[Black "Howell, David W L"]
[WhiteFideId "5074452"]
[BlackFideId "410608"]
[WhiteElo "2564"]
[BlackElo "2643"]
[Result "1-0"]
[Round "04"]
[TimeControl "180+1"]
[Date "2021.07.20"]
[WhiteClock "0:00:03"]
[BlackClock "0:00:03"]

1. e4 e6 2. d3 d5 3. Nd2 Nf6 4. g3 Be7 5. Bg2 O-O 6. Ngf3 a5 7. O-O a4 8. a3 c5 9. Re1 Nc6 10. e5 Nd7 11. Nf1 f6 12. exf6 Nxf6 13. h3 Bd6 14. c3 Bd7 15. d4 cxd4 16. cxd4 Qb6 17. Re2 Ne4 18. Be3 Na5 19. N3d2 Bb5 20. Nxe4 Bxe2 21. Qxe2 dxe4 22. Bxe4 Qc7 23. Rc1 Qf7 24. Qb5 Nb3 25. Rc4 Ra5 26. Qb6 Ra6 27. Qb5 Ra5 28. Qb6 Ra6 29. Qxb7 Qxb7 30. Bxb7 Ra7 31. Be4 Ra6 32. Kg2 Rb8 33. Bd3 Raa8 34. Rc6 Be7 35. Rxe6 Bf6 36. Bc4 Kh8 37. Bd5 Ra5 38. Bxb3 axb3 39. Nd2 Kg8 40. Kf3 Ra4 41. Ke4 Kf7 42. Rc6 Ra7 43. Kd3 Rd7 44. h4 h5 45. Rc5 g6 46. Rc6 Be7 47. Kc4 Rdb7 48. Kd3 Bf6 49. Nc4 Kg7 50. Nd6 Rd7 51. Ne4 Be7 52. Bf4 Rbd8 53. Be5+ Kf7 54. Ng5+ 1-0


[Site "https://www.chess.com"]

[Event "Titled Tuesday Blitz July 20 2021"]
[White "Kashtanov, Ruslan"]
[Black "Golubev, Mikhail"]
[WhiteFideId "4124871"]
[BlackFideId "14100983"]
[WhiteElo "2174"]
[BlackElo "2374"]
[Result "0-1"]
[Round "04"]
[TimeControl "180+1"]
[Date "2021.07.21"]
[WhiteClock "0:00:01"]
[BlackClock "0:00:29"]

1. d4 Nf6 2. c4 g6 3. Nc3 Bg7 4. e4 d6 5. Nf3 O-O 6. Be2 e5 7. d5 Qe8 8. h3 Nh5 9. g3 f5 10. exf5 gxf5 11. Nh4 Nf6 12. Qc2 Na6 13. Bg5 Nc5 14. O-O-O e4 15. Kb1 Nfd7 16. Nb5 Na6 17. Be3 Ne5 18. Ng2 Nd3 19. Bxd3 exd3 20. Rxd3 f4 21. Nxf4 Bf5 22. Qd2 Nc5 23. Bxc5 dxc5 24. Ka1 Bxd3 25. Nxd3 Qf7 26. Nxc5 Qxf2 27. Qxf2 Rxf2 28. Nd3 Rd2 29. Nxc7 Rc8 30. d6 Rxd3 31. c5 b6 32. Re1 bxc5 0-1


[Site "https://www.chess.com"]

[Event "Titled Tuesday Blitz July 20 2021"]
[White "Khusnutdinov, Rustam"]
[Black "Tin, Jingyao"]
[WhiteFideId "13701703"]
[BlackFideId "5804418"]
[WhiteElo "2571"]
[BlackElo "2374"]
[Result "0-1"]
[Round "04"]
[TimeControl "180+1"]
[Date "2021.07.20"]
[WhiteClock "0:00:07"]
[BlackClock "0:00:08"]

1. d4 Nf6 2. c4 e6 3. Nc3 Bb4 4. g3 O-O 5. Bg2 c5 6. Nf3 cxd4 7. Nxd4 d5 8. cxd5 Nxd5 9. Qb3 Nc6 10. Nxc6 bxc6 11. O-O Rb8 12. Na4 Ba6 13. Qc2 Be7 14. a3 Qa5 15. b4 Qb5 16. e4 Nb6 17. Nc3 Qh5 18. Rd1 c5 19. b5 Bb7 20. a4 Rfd8 21. Bf4 Rbc8 22. a5 Nc4 23. a6 Ba8 24. h3 h6 25. g4 Qg6 26. Ne2 Nb6 27. Ng3 Bg5 28. Rxd8+ Rxd8 29. Bxg5 Qxg5 30. Rd1 Rxd1+ 31. Qxd1 c4 32. Qd4 Qxb5 33. Qd8+ Kh7 34. Qc7 Qd7 35. Qc5 Qc6 36. Qe7 Qd7 37. Qc5 Bc6 38. Nh5 f6 39. Bf1 Bxe4 40. Qf8 Bd3 41. Bg2 c3 42. Bc6 Qc7 43. g5 hxg5 44. h4 c2 0-1


[Site "https://www.chess.com"]

[Event "Titled Tuesday Blitz July 20 2021"]
[White "Kobalia, Mikhail"]
[Black "Garcia Ramos, Daniel"]
[WhiteFideId "4119150"]
[BlackFideId "32010311"]
[WhiteElo "2569"]
[BlackElo "2321"]
[Result "1-0"]
[Round "04"]
[TimeControl "180+1"]
[Date "2021.07.20"]
[WhiteClock "0:01:11"]
[BlackClock "0:00:21"]

1. e4 c6 2. Nf3 d5 3. exd5 cxd5 4. Ne5 Nc6 5. Bb5 Qb6 6. c4 dxc4 7. Bxc6+ bxc6 8. O-O Nf6 9. Na3 e6 10. Naxc4 Qd4 11. d3 Qd5 12. Qa4 Bb7 13. Bf4 Qb5 14. Qc2 Be7 15. a4 Qd5 16. Qb3 c5 17. Qb5+ Kf8 18. Ne3 a6 19. Qb6 Nd7 20. Nxd5 Nxb6 21. Nxb6 Rd8 22. Rac1 f6 23. Ned7+ Ke8 24. Nxc5 1-0


[Site "https://www.chess.com"]

[Event "Titled Tuesday Blitz July 20 2021"]
[White "Krallis, Christos"]
[Black "Shahade, Gregory"]
[WhiteFideId "4298896"]
[BlackFideId "2009064"]
[WhiteElo "2193"]
[BlackElo "2693"]
[Result "1/2-1/2"]
[Round "04"]
[TimeControl "180+1"]
[Date "2021.07.21"]
[WhiteClock "0:00:08"]
[BlackClock "0:00:13"]

1. d4 Nf6 2. c4 g6 3. Nf3 Bg7 4. g3 d5 5. Bg2 O-O 6. O-O dxc4 7. Na3 c3 8. bxc3 c5 9. Bb2 Nc6 10. Re1 cxd4 11. cxd4 Ne4 12. Nc4 Be6 13. Nfe5 Nxe5 14. Nxe5 Qb6 15. Rb1 Bxe5 16. Bxe4 Rad8 17. Bc3 Qc7 18. Qc1 Bxd4 19. Bxd4 Qxc1 20. Rexc1 Rxd4 21. Bxb7 Bxa2 22. Ra1 Rd2 23. Bf3 e6 24. Rc7 a6 25. Rc6 a5 26. Ra6 Bc4 27. R6xa5 Bxe2 28. Bxe2 Rxe2 29. Ra7 Re5 30. Re7 g5 31. Raa7 Rf5 32. Kg2 Rb8 33. Ra2 Rb1 34. Rea7 Rbb5 35. R7a4 Kg7 36. h4 h6 37. hxg5 hxg5 38. Rd4 Kg6 39. Rad2 Ra5 40. Rd8 Rfb5 41. Rg8+ Kf6 42. Rh8 Rf5 43. Rh6+ Kg7 44. Rh1 Ra4 45. Re2 Rd4 46. Rhe1 Rdd5 47. Re4 Rd2 48. R4e2 Rd8 49. Re3 Rfd5 50. R3e2 R8d6 51. Re3 Ra5 52. R3e2 Raa6 53. Re3 f6 54. R3e2 e5 55. f4 exf4 56. gxf4 gxf4 57. Kf3 Ra3+ 58. Kxf4 Rd4+ 59. Re4 Rdd3 60. Re7+ Kf8 61. Re8+ Kf7 62. R8e7+ Kf8 63. Re8+ Kf7 64. R8e7+ Kf8 1/2-1/2


[Site "https://www.chess.com"]

[Event "Titled Tuesday Blitz July 20 2021"]
[White "Kretov, Evgenij"]
[Black "Obolentseva, Alexandra"]
[WhiteFideId "4167821"]
[BlackFideId "24153648"]
[WhiteElo "2400"]
[BlackElo "2113"]
[Result "1-0"]
[Round "04"]
[TimeControl "180+1"]
[Date "2021.07.21"]
[WhiteClock "0:00:16"]
[BlackClock "0:00:06"]

1. d4 Nf6 2. c4 g6 3. Nc3 Bg7 4. e4 O-O 5. Be2 d6 6. Bg5 h6 7. Be3 e5 8. d5 a5 9. Qd2 Kh7 10. Bd1 Na6 11. f3 b6 12. Bc2 Nc5 13. g4 Ba6 14. b3 Nfd7 15. h4 Rb8 16. h5 g5 17. Nge2 b5 18. cxb5 Bxb5 19. Nxb5 Rxb5 20. Kf2 Qa8 21. Rhb1 c6 22. Nc3 Rbb8 23. dxc6 Qxc6 24. Rd1 Ne6 25. Bd3 Nd4 26. Bc4 Nb6 27. Bd5 Nxd5 28. Nxd5 a4 29. Rac1 Qb5 30. Nc3 Qb7 31. Nxa4 Rfc8 32. Rxc8 Rxc8 33. Rc1 Rxc1 34. Qxc1 Qb5 35. Qd2 d5 36. Nc3 Qa6 37. Nxd5 Qe6 38. b4 Qc6 39. Qd3 Qa4 40. a3 Nc2 41. Bc1 Nd4 42. Bb2 Nb5 43. Ke2 Nd4+ 44. Bxd4 exd4 45. b5 Qa8 46. b6 Be5 47. Qb3 Qa6+ 48. Kf2 d3 49. b7 d2 50. Ne3 Qa7 51. Qxf7+ Kh8 52. Qe8+ Kh7 53. Qd7+ Kh8 54. Ke2 d1=Q+ 55. Nxd1 Qa6+ 56. Kf2 Qb6+ 57. Ne3 Qb2+ 58. Kf1 Qc1+ 59. Nd1 Qc4+ 60. Kf2 Qc2+ 61. Ke1 Bg3+ 62. Kf1 Qc4+ 63. Kg2 Bf4 64. Qd8+ Kh7 65. Qd7+ Kh8 66. Qc8+ Qxc8 67. bxc8=Q+ 1-0


[Site "https://www.chess.com"]